 Dungeon Crawl Stone Soup version 0.27-b1-41-gafb5482f4b (webtiles) character file.

Game seed: 14758961164760983284

198 hawla the Sneak (level 5, -7/32 HPs)
             Began as a Deep Elf Delver on July 28, 2021.
             Was an Initiate of Vehumet.
             Blown up by Ijyb (30 damage)
             ... with a mindburst bolt
             ... on level 3 of the Dungeon.
             The game lasted 00:10:22 (4661 turns).

hawla the Sneak (Deep Elf Delver)                   Turns: 4661, Time: 00:10:22

Health: -7/32      AC:  3    Str:  9    XL:     5   Next: 47%
Magic:  11/11      EV: 13    Int: 16    God:    Vehumet [......]
Gold:   96         SH:  0    Dex: 16    Spells: 9/9 levels left

rFire    . . .     SeeInvis .   a - +0 short sword
rCold    . . .     Faith    .   (no shield)
rNeg     . . .     Spirit   .   n - +0 robe
rPois    .         Reflect  .   (no helmet)
rElec    .         Harm     .   m - +0 cloak
rCorr    .         Rampage  .   (no gloves)
Will     .....                  (no boots)
Stlth    +++.......             (no amulet)
HPRegen  0.10/turn              (no ring)
MPRegen  0.12/turn              (no ring)

@: about to teleport
A: no striking features
a: Renounce Religion


You were on level 3 of the Dungeon.
You worshipped Vehumet.
Vehumet was noncommittal.
You visited 2 branches of the dungeon, and saw 6 of its levels.

You collected 96 gold pieces.

Inventory:

Hand Weapons
 a - a +0 short sword (weapon)
Missiles
 i - 19 poisoned darts (quivered)
Armour
 m - a +0 cloak (worn)
 n - a +0 robe (worn)
Wands
 g - a wand of digging (3)
Scrolls
 b - a scroll of identify
 c - a scroll of fog
 e - a scroll of enchant armour
 j - a scroll of noise
 o - a scroll of amnesia
Potions
 d - a potion of flight
 f - a potion of haste
 h - 2 potions of lignification


   Skills:
 - Level 3.0 Fighting
 + Level 3.2 Short Blades
 + Level 1.7 Throwing
 - Level 3.0 Dodging
 + Level 6.8 Stealth
 + Level 2.9 Spellcasting


You had 9 spell levels left.
You didn't know any spells.
Your spell library contained the following spells:

 Spells                   Type           Power      Damage    Failure   Level
 Foxfire                  Conj/Fire      8%         2x1d4     19%         1
 Call Canine Familiar     Summ           2%         N/A       50%         3
 Ignite Poison            Fire/Tmut/Pois 2%         N/A       50%         3
 Mephitic Cloud           Conj/Pois/Air  2%         N/A       50%         3
 Portal Projectile        Hex/Tloc       4%         N/A       50%         3
 Stone Arrow              Conj/Erth      4%         3d7       50%         3
 Leda's Liquefaction      Hex/Erth       1%         N/A       88%         4
 Bolt of Magma            Conj/Fire/Erth 1%         4d4       99%         5
 Shatter                  Erth           1%         3d5*      100%        9


Dungeon Overview and Level Annotations

Branches:
Dungeon (5/15)             Temple (1/1) D:4

Altars:
Ashenzari
Cheibriados
Fedhas
Gozag
Hepliaklqana
Kikubaaqudgha
Qazlal
Trog
Uskayaw
Vehumet
Wu Jian
Xom
Yredelemnul
Zin

Annotations:
D:1 dig the eyes man
D:3 2 transporters, Ijyb
D:4 Blork the orc


Message History

Ijyb the Twisted Goblin comes into view.
She is wielding a +0 dagger, wearing a +2 leather armour of willpower and carrying a wand of mindburst (11).
Ijyb is nearby!
Level annotation: 2 transporters, Ijyb Welcome back, hawla the Deep Elf Delver.
Vehumet says: Let it end in hellfire!
Press ? for a list of commands and other information.
An endoplasm comes into view.
Found a stone staircase leading down.
The endoplasm quivers.
You see here a scroll of identify.
You hit the endoplasm.
The endoplasm is lightly wounded.
The endoplasm freezes you.
You are frozen.
You hit the endoplasm.
The endoplasm is moderately wounded.
The endoplasm freezes you.
You are frozen.
You hit the endoplasm but do no damage.
The endoplasm is moderately wounded.
The endoplasm closely misses you.
You hit the endoplasm.
You kill the endoplasm!
Vehumet accepts your kill.
b - 2 scrolls of identify (gained 1)
As you read the scroll of identify, it crumbles to dust.
o - a scroll of amnesia HP restored.
There is a stone staircase leading down here.
Ijyb shouts!
Ijyb is nearby!
Okay, then.
You see here a +1 plate armour of poison resistance.
You hit Ijyb but do no damage. Ijyb misses you.
You hit Ijyb but do no damage. Ijyb hits you with a +0 dagger.
You hit Ijyb but do no damage. Ijyb hits you with a +0 dagger.
As you read the scroll of teleportation, it crumbles to dust.
You feel strangely unstable.
Ijyb zaps a wand.
Your mind is blasted!
Ouch! That really hurt!
You die...

########.####.####>#
#..................#
#.######...##.####.#
#.# #...##.# #.# #.#
#...##.####.# #.#
###...##.#....#
##.####.............#
...............#.##.#
###########.####@##.#
......5#P8#.# #g##.#
≈≈≈≈≈≈≈#.P#.# #.##.#
..≈≈≈..#..#... .....#
..≈♣≈..+/©#©..##.##.#
..≈≈P..#..#[.>##.##.#
≈≈≈≈≈≈≈#.P#.#.##.##.#
..o5...#P8# #.#
###########


You could see Ijyb.

Vanquished Creatures
  An ogre (D:4)
  An iguana (D:4)
  4 adders
  5 bats
  4 endoplasms
  2 giant cockroaches (D:1)
  6 goblins
  5 hobgoblins
  3 jackals (D:1)
  A quokka (D:2)
  3 ball pythons
  3 frilled lizards
  8 kobolds
  7 rats
53 creatures vanquished.

Notes
Turn   | Place    | Note
-------+----------+-------------------------------------------
     0 | D:5      | hawla the Deep Elf Delver began the quest for the Orb.
     0 | D:5      | Reached XP level 1. HP: 13/13 MP: 3/3
   142 | D:4      | Noticed an iguana
   146 | D:4      | Killed an iguana
   147 | D:4      | Reached skill level 1 in Spellcasting
   147 | D:4      | Reached XP level 2. HP: 18/18 MP: 3/5
   196 | D:4      | Noticed an ogre
   258 | D:4      | Found a staircase to the Ecumenical Temple.
   285 | D:4      | Killed an ogre
   286 | D:4      | Reached skill level 1 in Throwing
   286 | D:4      | Reached XP level 3. HP: 5/22 MP: 5/8
   286 | D:4      | Reached XP level 4. HP: 6/27 MP: 5/9
   542 | Temple   | Entered the Ecumenical Temple
   638 | Temple   | Became a worshipper of Vehumet
   673 | D:4      | Noticed Blork the orc
  1476 | D:3      | Reached XP level 5. HP: 11/32 MP: 10/10
  1851 | D:1      | Found a faded altar of an unknown god.
  1851 | D:1      | Noticed a shining eye
  2099 | D:1      | Noticed a great orb of eyes
  2099 | D:1      | Noticed a shining eye
  2099 | D:1      | Noticed a floating eye
  3891 | D:3      | Found a transporter.
  4008 | D:3      | Reached * piety under Vehumet
  4008 | D:3      | Offered knowledge of Foxfire by Vehumet.
  4467 | D:3      | Found a transporter.
  4494 | D:3      | Noticed Ijyb
  4661 | D:3      | Blown up by Ijyb

Illustrated notes

Levels and vault maps discovered:
D:1:      dpeg_arrival_radiant, layout_loops_ring,
          hellmonk_ecumenical_altar_watching_god, corexii_hall_statues_x
D:2:      layout_basic, minmay_pentomino_pile
D:3:      gammafunk_wand_slinger, layout_loops_ring, uniq_ijyb
D:4:      layout_gridville, minmay_temple_entry_large_hall,
          chequers_serial_rivers_micro_d, uniq_blork_the_orc, uniq_sigmund
D:5:      layout_basic, chequers_ossuary_entry_cave
Temple:   jpeg_temple_clearing

Skill      XL: |  1  2  3  4 |
---------------+-------------+-----
Spellcasting   | 1 2 |  2.9
Throwing       | 1 |  1.7
Dodging        | 3 |  3.0
Fighting       | 3 |  3.0
Short Blades   | 3 |  3.2
Stealth        | |  6.8

Action                   |  1- 3 |  4- 6 || total
-------------------------+-------+-------++-------
Melee: Short sword       |     6 |   184 ||   190
Throw: Dart              |     6 |    30 ||    36
  Use: Scroll            |       |    12 ||    12
       Potion            |       |     2 ||     2
 Stab: Sleeping          |     1 |    12 ||    13
Armor: Leather armour    |       |    36 ||    36
       Robe              |       |    13 ||    13
       Skin              |       |     7 ||     7
Dodge: Dodged            |     2 |   136 ||   138
